 Dungeon Crawl Stone Soup version 0.13.0-3-g966e3ec (webtiles) character file.

784 HungrySpirit the Cleaver (level 7, -1/56 HPs)
             Began as a Minotaur Wanderer on Oct 13, 2013.
             Was an Initiate of Okawaru.
             Slain by Prince Ribbit (10 damage)
             ... on Level 4 of the Dungeon.
             The game lasted 00:14:54 (6668 turns).

HungrySpirit the Cleaver (Minotaur Wanderer)        Turns: 6668, Time: 00:14:55

HP  -1/56        AC  7     Str 18      XL: 7   Next: 15%
MP   4/4         EV  8     Int 10      God: Okawaru [......]
Gold 197         SH  0     Dex  9      Spells:  0 memorised,  6 levels left

Res.Fire  : . . .   See Invis. : .   w - -1 orc hand axe
Res.Cold  : . . .   Warding    : .   q - +0 scale mail
Life Prot.: . . .   Conserve   : .   (no shield)
Res.Poison: .       Res.Corr.  : .   (helmet restricted)
Res.Elec. : .       Clarity    : .   r - +0 cloak
Sust.Abil.: . .     Spirit.Shd : .   (no gloves)
Res.Mut.  : .       Stasis     : .   (no boots)
Res.Rott. : .       Flight     : .   (no amulet)
Saprovore : . . .                    (no ring)
                                     (no ring)

@: slightly resistant to hostile enchantments, extremely unstealthy
A: retaliatory headbutt, horns 2
a: Renounce Religion


You were on level 4 of the Dungeon.
You worshipped Okawaru.
Okawaru was noncommittal.
You were near starving.

You visited 2 branches of the dungeon, and saw 6 of its levels.

You collected 147 gold pieces.

Inventory:

Hand weapons
 c - a +0,+0 crossbow
 t - a +0,+0 hand axe (quivered)
 w - a -1,-1 orcish hand axe (weapon)
Missiles
 e - 23 bolts
Armour
 q - a +0 scale mail (worn)
 r - a +0 cloak (worn)
Magical devices
 u - a wand of frost (9) {unknown}
Comestibles
 f - 2 bread rations
Scrolls
 a - 2 scrolls of blinking
 b - a scroll of fear
 h - a scroll of identify {unknown}
 l - 4 scrolls of remove curse
 s - 2 scrolls of teleportation
Potions
 d - 3 potions of brilliance {unknown}
 i - 2 potions of heal wounds {unknown}
 n - 3 potions of confusion {unknown}
 o - a potion of paralysis {unknown}
 v - 2 potions of magic {unknown}
 x - 2 potions of restore abilities {unknown}
 z - a potion of curing
 B - 2 potions of poison {unknown}


   Skills:
 - Level 5.2 Fighting
 + Level 8.4 Axes
 - Level 3.2 Crossbows
 - Level 3.0 Armour
   Level 1.2 Shields
   Level 1.0 Invocations


You had 6 spell levels left.
You didn't know any spells.

Dungeon Overview and Level Annotations

Branches:
Dungeon (5/27)             Temple (1/1) D:5

Altars:
Ashenzari
Cheibriados
Fedhas
Okawaru
Trog
the Shining One

Annotations:
D:3 Sigmund
D:4 Prince Ribbit
D:5 Charos' ghost, experienced HOWn


Innate Abilities, Weirdness & Mutations

You reflexively headbutt those who attack you in melee.
You have a pair of horns on your head.


Message History

Prince Ribbit is heavily wounded.
Prince Ribbit hits you.
Prince Ribbit hits you but does no damage.
You closely miss Prince Ribbit.
Prince Ribbit is heavily wounded.
Prince Ribbit barely misses you. You furiously retaliate!
You headbutt Prince Ribbit.
Prince Ribbit momentarily phases out as your attack passes through him.
Prince Ribbit is heavily wounded.
Prince Ribbit hits you!
* * * LOW HITPOINT WARNING * * *
You are too injured to fight recklessly!
You are too injured to fight recklessly!
You are too injured to fight recklessly!
You are too injured to fight recklessly!
You are too injured to fight recklessly!
Prince Ribbit hits you!
* * * LOW HITPOINT WARNING * * *
Prince Ribbit hits you!
You die...

#....##.....#
#.#####.#.#
'....++.....#
#(........#
#....##.....#
#(#####.###
.....##.....# #)..# #.#
......#.....####.#.# #.#
......#........#.#.# #.#
......#...####.#.#.# #.#
......#...####.#.#.###.#
......'........F@.>....#
......###.##.#.#########
......# #.##.#..#
####### #.##.##.#
#.##.##.#
#########.##....#
........#.#######
#######.#.# #...###.#.#


You could see Prince Ribbit.

Vanquished Creatures
  A phantom (D:4)
  A jelly (D:5)
  A crimson imp (D:5)
  An orc priest (Temple)
  2 scorpions (D:5)
  An orc wizard (D:5)
  2 iguanas (D:5)
  2 worker ants (D:4)
  7 gnolls
  5 adders
  3 worms
  4 giant geckos
  An ooze (D:4)
  9 orcs
  A ball python (D:1)
  10 bats
  A bat skeleton (D:4)
  7 giant cockroaches
  9 hobgoblins
  2 jackals (D:5)
  12 kobolds
  3 quokkas
  4 training dummies (D:3)
  4 giant newts
  6 goblins
  A kobold zombie (D:5)
  A quokka zombie (D:5)
  12 rats
113 creatures vanquished.

Notes
Turn   | Place    | Note
--------------------------------------------------------------
     0 | D:1      | HungrySpirit, the Minotaur Wanderer, began the quest for the Orb.
     0 | D:1      | Reached XP level 1. HP: 15/15 MP: 1/1
   364 | D:1      | Reached XP level 2. HP: 18/23 MP: 1/1
   490 | D:1      | Reached skill level 5 in Fighting
   936 | D:2      | Reached XP level 3. HP: 25/28 MP: 2/2
  1109 | D:2      | Found a shattered altar of Ashenzari.
  1123 | D:2      | Reached skill level 1 in Axes
  1165 | D:2      | HP: 1/28 [poisoned by an adder]
  1850 | D:3      | Reached XP level 4. HP: 21/36 MP: 2/2
  2228 | D:3      | Found an iron altar of Okawaru.
  2259 | D:3      | Became a worshipper of Warmaster Okawaru
  2408 | D:3      | Noticed Sigmund
  3146 | D:3      | Reached XP level 5. HP: 42/42 MP: 2/2
  3490 | D:4      | Found a blossoming altar of Fedhas.
  3495 | D:4      | Found a bloodstained altar of Trog.
  3632 | D:4      | Noticed a phantom
  3668 | D:4      | Killed a phantom
  3668 | D:4      | Reached skill level 5 in Axes
  3877 | D:4      | Reached skill level 6 in Axes
  3877 | D:4      | Reached XP level 6. HP: 43/49 MP: 4/4
  4190 | D:4      | Noticed Prince Ribbit
  4398 | D:4      | HP: 1/49 [gnoll/flail (5)]
  4974 | D:5      | Entered Level 5 of the Dungeon
  5092 | D:5      | Reached skill level 7 in Axes
  5315 | D:5      | Noticed Charos' ghost (experienced HOWn)
  6067 | D:5      | Found a staircase to the Ecumenical Temple.
  6098 | D:5      | Reached skill level 8 in Axes
  6098 | D:5      | Reached XP level 7. HP: 42/56 MP: 4/4
  6113 | Temple   | Entered the Ecumenical Temple
  6668 | D:4      | Slain by Prince Ribbit

Action                   |  1- 3 |  4- 6 |  7- 9 || total
-------------------------+-------+-------+-------++-------
Melee: Mace              |    48 |       |       ||    48
       Hand axe          |    63 |   227 |    38 ||   328
  Use: Potion            |     1 |     2 |       ||     3
       Scroll            |       |    10 |       ||    10
